 Dungeon Crawl Stone Soup version 0.31-a0-1620-gcbf77bbcfc (webtiles) character file.

Game seed: 16080749152604370431

532 Ivernyr the Shield-Bearer (level 7, -1/55 HPs)
             Began as a Formicid Fighter on Jan 11, 2024.
             Slain by a gnoll bouda
             ... wielding a +0 whip
              (12 damage)
             ... on level 6 of the Dungeon.
             The game lasted 00:06:07 (3312 turns).

Ivernyr the Shield-Bearer (Formicid Fighter)        Turns: 3312, Time: 00:06:08

Health: -1/55      AC:  7    Str: 23    XL:     7   Next: 49%
Magic:  7/7        EV:  9    Int:  7    God:
Gold:   189        SH:  5    Dex: 13    Spells: 6/6 levels left

rFire   . . .        a - +0 quarterstaff
rCold   . . .        c - +0 buckler
rNeg    . . .        b - +0 scale mail
rPois   .            (helmet unavailable)
rElec   .            (no cloak)
rCorr   .            (no gloves)
SInv    +            (no boots)
Will    .....        (no amulet) Stlth
                     (no ring)
HPRegen 0.29/turn    (no ring)
MPRegen 0.10/turn

%: no passive effects
@: no status effects
A: permanent stasis, dig shafts and tunnels, antennae 3, four strong arms
a: Dig, Shaft Self


You were on level 6 of the Dungeon.
You visited 1 branch of the dungeon, and saw 5 of its levels.

You collected 189 gold pieces.

Inventory:

Hand Weapons
 a - a +0 quarterstaff (weapon)
Armour
 b - a +0 scale mail (worn)
 c - a +0 buckler (worn)
Jewellery
 r - a ring of flight
 y - a +4 ring of slaying
Wands
 v - a wand of flame (20)
Scrolls
 e - 3 scrolls of blinking {unknown}
 f - a scroll of fog {unknown}
 g - a scroll of acquirement {unknown}
 h - a scroll of summoning {unknown}
 i - 3 scrolls of identify {unknown}
 n - a scroll of torment {unknown}
 t - a scroll of noise {unknown}
 u - a scroll of immolation {unknown}
 w - a scroll of teleportation {unknown}
 C - a scroll of silence {unknown}
Potions
 d - a potion of might
 j - a potion of haste {unknown}
 k - a potion of magic {unknown}
 l - 3 potions of mutation {unknown}
 m - 5 potions of curing {unknown}
 o - 5 potions of enlightenment {unknown}
 p - a potion of heal wounds {unknown}
 q - a potion of attraction {unknown}
 s - a potion of degeneration {unknown}
 x - a potion of cancellation {unknown}
 z - a potion of brilliance {unknown}
 A - a potion of berserk rage {unknown}
 B - a potion of invisibility {unknown}


   Skills:
 + Level 4.9 Fighting
 * Level 5.0 Staves
 + Level 4.8 Armour
 + Level 5.9 Shields


You had 6 spell levels left.
You didn't know any spells.
Your spell library contained the following spells:

 Spells                   Type           Power      Damage    Failure   Level
 Magic Dart               Conj           0%         1d3       80%         1
 Call Imp                 Summ           0%         N/A       90%         2
 Blink                    Tloc           Unusable   N/A       N/A         2

Dungeon Overview and Level Annotations

Branches:
Dungeon (4/15)
 Temple: D:4-7

Altars:
Qazlal
Ru


Innate Abilities, Weirdness & Mutations

You cannot be hasted, slowed, berserked, paralysed or teleported.
You can dig through walls and to a lower floor.
You have a pair of large antennae on your head. (SInv)
Your four strong arms can wield two-handed weapons with a shield.


Message History

A gnoll comes into view. It is wielding a +0 spear.
The gnoll hits you with a +0 flail!
You sock the gnoll!
The gnoll is heavily wounded.
The gnoll completely misses you.
You completely miss the gnoll.
The gnoll is heavily wounded.
An orc comes into view. It is wielding a +0 mace of protection.
The gnoll hits you with a +0 flail!
You barely miss the gnoll.
The gnoll is heavily wounded.
The orc shouts!
The gnoll closely misses you.
You thump the gnoll!
You kill the gnoll!
The gnoll hits you from afar with a +0 spear.
The gnoll bouda hits you with a +0 whip.
You thump the gnoll bouda!
The gnoll bouda is heavily wounded.
A gnoll comes into view. It is wielding a +0 spear.
The gnoll hits you from afar with a +0 spear.
The gnoll bouda closely misses you.
The gnoll bouda attacks as it pursues you!
The gnoll bouda barely misses you.
You hit the gnoll bouda.
The gnoll bouda is heavily wounded.
The gnoll hits you from afar with a +0 spear.
* * * LOW HITPOINT WARNING * * *
The gnoll bouda closely misses you.
You closely miss the gnoll bouda.
The gnoll bouda is heavily wounded.
The gnoll hits you from afar with a +0 spear.
* * * LOW HITPOINT WARNING * * *
The gnoll bouda attacks as it pursues you!
The gnoll bouda barely misses you.
You hit the gnoll bouda but do no damage.
The gnoll bouda is heavily wounded.
The gnoll closely misses you.
The gnoll bouda hits you with a +0 whip!
You die...

#### #..# {
#######..#
##........# {
#.......#.##
##...###....#
### #...##
##.#.######...
#...# {
#@g....≈≈≈≈≈≈
#..###
###go##.~..~.
#.#
##.#.....~.
#.. {
#$#....... #.
#.{....... #.
#.....{....
.....##......
#...#.. ......
........ .....


You could see a gnoll bouda, a gnoll (swift) and an orc.

Vanquished Creatures
  An ice beast (D:6)
  A phantom (D:4)
  Ijyb (D:3)
  Terence (D:2)
  Natasha (twice) (D:2)
  An orc wizard (D:4)
  Robin (D:2)
  7 gnolls
  7 adders
  3 dart slugs
  2 ribbon worms
  3 orcs (D:4)
  4 ball pythons
  9 bats
  4 endoplasms
  3 giant cockroaches
  11 goblins
  8 hobgoblins
  5 jackals (D:3)
  4 kobolds
  3 quokkas (D:1)
  9 rats
90 creatures vanquished.

Notes
Turn   | Place    | Note
-------+----------+-------------------------------------------
     0 | D:1      | Ivernyr the Formicid Fighter began the quest for the Orb.
     0 | D:1      | Reached XP level 1. HP: 18/18 MP: 1/1
    63 | D:1      | Reached XP level 2. HP: 21/24 MP: 2/2
   245 | D:1      | Reached XP level 3. HP: 29/29 MP: 3/3
   733 | D:2      | Reached XP level 4. HP: 15/37 MP: 4/4
   896 | D:2      | Noticed Robin
   919 | D:2      | Killed Robin
  1202 | D:2      | Noticed Natasha
  1225 | D:1      | Reached XP level 5. HP: 17/42 MP: 5/5
  1321 | D:2      | Killed Natasha
  1442 | D:2      | Noticed Natasha
  1449 | D:2      | Killed Natasha
  1450 | D:2      | Reached skill level 5 in Shields
  1486 | D:2      | Noticed Terence
  1500 | D:2      | Killed Terence
  1840 | D:3      | Noticed Ijyb
  1847 | D:3      | Killed Ijyb
  1848 | D:3      | Reached XP level 6. HP: 27/48 MP: 6/6
  1921 | D:3      | Found a sacrificial altar of Ru.
  2589 | D:3      | Found a stormy altar of Qazlal.
  2911 | D:4      | Reached XP level 7. HP: 41/55 MP: 7/7
  3044 | D:4      | HP: 2/55 [gnoll/+0 flail (8)]
  3047 | D:4      | You fall into a shaft and drop 2 floors!
  3267 | D:6      | Reached skill level 5 in Staves
  3312 | D:6      | Slain by a gnoll bouda

Illustrated notes

Levels and vault maps discovered:
D:1:      dpeg_arrival_rooms_a, layout_basic
D:2:      layout_loops_ring, uniq_robin, uniq_terence, uniq_natasha
D:3:      layout_rooms, nicolae_ru_path_of_blood, grunt_qazlal_sundering,
          serial_aquarium, aquarium_bridge_long_joined [aquarium_subvault_wall,
          aquarium_subvault_balcony, aquarium_subvault_wall,
          aquarium_subvault_window, aquarium_subvault_bridge,
          aquarium_subvault_wall], aquarium_window_corner, aquarium_window_1,
          aquarium_window_corridor_3, aquarium_window_1, aquarium_view_2g,
          aquarium_view_2a, minmay_circle_x, uniq_ijyb
D:4:      layout_loops_ring
D:6:      layout_rooms, mainiacjoe_overflow_six_doors_small,
          nicolae_vehumet_radiance, nemelex_dance_club_becter,
          minmay_temple_entry_offerings, serial_rivers,
          chequers_serial_rivers_micro_d, chequers_serial_rivers_small_b,
          chequers_serial_rivers_micro_e, chequers_serial_rivers_small_b,
          chequers_serial_rivers_micro_d

Skill      XL: |  1  2  3  4  5  6  7 |
---------------+----------------------+-----
Staves         | 3 4 5 |  5.0
Fighting       | 4 |  4.9
Armour         | 4 |  4.8
Shields        | 5 |  5.9

Action                     |  1- 3 |  4- 6 |  7- 9 || total
---------------------------+-------+-------+-------++-------
  Melee: Quarterstaff      |    87 |   204 |    43 ||   334
Ability: Shaft Self        |       |       |     1 ||     1
 Armour: Scale mail        |    58 |   162 |    44 ||   264
  Dodge: Dodged            |    48 |    86 |    22 ||   156
  Block: Buckler           |    21 |    62 |    12 ||    95

Table legend: (Time is in decaauts)
 A = Elapsed time spent in this place.
 B = Non-inter-level travel time spent in this place.
 C = Inter-level travel time spent in this place.
 D = Time resting spent in this place.
 E = Time spent auto-exploring this place.
 F = Levels seen in this place.
 G = Mean time per level.
                   A        B        C        D        E       F      G
               +--------+--------+--------+--------+--------+-----+--------+
         Total |   3359 |   3254 |    105 |    563 |   1896 |   5 |  671.8 |
       Dungeon |   3359 |   3254 |    105 |    563 |   1896 |   5 |  671.8 |
               +--------+--------+--------+--------+--------+-----+--------+

Top non-repeatable levels by time:
     D:2: 1049 daAuts
     D:3: 1039 daAuts
     D:1: 774 daAuts
     D:6: 265 daAuts
     D:4: 230 daAuts
